Map: Ulrena

Players

Chris (MCanning) - Winner!

  • Race: Protoss Protoss
  • League: Platinum

TossNSalads

  • Race: Protoss Protoss
  • League: Platinum

VOD

Have the link to the VOD?

Description

Time

  • Played on: Nov. 11, 2015, 12:47 a.m.
  • Length: 5:55
Show
View Real Time Build Order
Export as new Build Order

Chris Protoss - Winner!

Build Orders: 1 Gate Expand 

Get SALT Encoding   

  12  0:01  Probe (Chrono Boost)  
  13  0:12  Probe (Chrono Boost)  
  14  0:19  Pylon  
  14  0:22  Probe (Chrono Boost)  
  15  0:38  Probe (Chrono Boost)  
  15  0:39  Gateway  
  16  0:48  Probe (Chrono Boost)  
  17  0:50  Assimilator  
  17  0:59  Probe (Chrono Boost)  
  18  1:09  Probe (Chrono Boost)  
  19  1:25  Nexus  
  19  1:31  Cybernetics Core  
  19  1:37  Assimilator  
  19  1:44  Probe (Chrono Boost)  
  20  1:48  Pylon  
  20  1:54  Probe (Chrono Boost)  
  23  2:09  Mothership Core (Chrono Boost)  
  23  2:19  Adept  
  25  2:24  Warp Gate (Chrono Boost)  
  25  2:27  Probe (Chrono Boost)  
  26  2:38  Probe x2 (Chrono Boost)  
  26  2:41  Pylon  
  28  2:48  Probe (Chrono Boost)  
  28  2:49  Probe (Chrono Boost)  
  28  2:50  Twilight Council  
  30  2:59  Probe (Chrono Boost)  
  30  3:02  Probe (Chrono Boost)  
  32  3:09  Probe (Chrono Boost)  
  33  3:13  Probe (Chrono Boost)  
  33  3:17  Gateway  
  34  3:24  Gateway  
  34  3:25  Probe (Chrono Boost)  
  34  3:26  Probe (Chrono Boost)  
  36  3:37  Probe  
  37  3:42  Probe  
  38  3:49  Probe  
  38  3:50  Pylon  
  38  3:53  Probe  
  40  4:00  Robotics Facility  
  40  4:01  Probe  
  41  4:03  Probe  
  41  4:05  Pylon  
  42  4:13  Probe  
  42  4:16  Probe  
  42  4:22  Forge  
  43  4:25  Pylon  
  43  4:26  Sentry  
  43  4:27  Stalker  
  43  4:29  Stalker  
  49  4:35  Probe  
  49  4:38  Assimilator  
  50  4:40  Assimilator  
  50  4:45  Probe  
  52  4:54  Stalker x3  
  58  5:00  Probe  
  58  5:02  Warp Prism (Chrono Boost)  
  60  5:08  Probe  
  61  5:17  Gateway  
  61  5:19  Gateway  
  61  5:23  Pylon  
  61  5:27  Probe  
  60  5:38  Probe  
  60  5:39  Probe  
  60  5:52  Stalker x3  
Show
View Real Time Build Order
Export as new Build Order

TossNSalads Protoss 

Build Orders:  

Get SALT Encoding   

  12  0:03  Probe (Chrono Boost)  
  14  0:14  Probe (Chrono Boost)  
  14  0:23  Pylon  
  14  0:24  Probe (Chrono Boost)  
  15  0:41  Probe (Chrono Boost)  
  15  0:42  Gateway  
  16  0:52  Probe (Chrono Boost), Assimilator  
  17  0:57  Assimilator  
  17  1:02  Probe (Chrono Boost)  
  18  1:13  Probe (Chrono Boost)  
  18  1:17  Pylon  
  19  1:29  Cybernetics Core  
  19  1:32  Probe (Chrono Boost)  
  20  1:42  Probe (Chrono Boost)  
  21  2:03  Nexus  
  21  2:08  Probe (Chrono Boost)  
  22  2:11  Warp Gate  
  22  2:21  Probe (Chrono Boost)  
  23  2:27  Adept  
  25  2:36  Robotics Facility  
  25  2:40  Probe (Chrono Boost)  
  26  2:51  Probe (Chrono Boost)  
  27  3:01  Probe (Chrono Boost)  
  27  3:03  Stalker (Chrono Boost)  
  27  3:04  Pylon  
  29  3:24  Observer  
  28  3:28  Probe  
  28  3:30  Probe  
  28  3:40  Probe x2  
  27  3:51  Probe  
  27  3:52  Probe  
  29  4:01  Probe  
  29  4:04  Probe  
  31  4:12  Probe  
  31  4:16  Probe  
  31  4:22  Probe  
  32  4:28  Probe  
  33  4:31  Gateway  
  33  4:33  Probe  
  33  4:34  Gateway  
  34  4:40  Probe  
  34  4:43  Probe  
  37  4:52  Mothership Core (Chrono Boost)  
  37  4:54  Probe  
  37  4:58  Pylon  
  37  4:59  Pylon  
  38  5:05  Probe (Chrono Boost), Warp Prism  
  41  5:13  Probe (Chrono Boost), Adept  
  44  5:17  Probe (Chrono Boost)  
  45  5:24  Probe (Chrono Boost)  
  42  5:29  Stalker x2  
  44  5:40  Stalker  
Tags
 
Matchup
PvP
Player
MCanning
Replay Pack
lotv replays
Add a new tag
Caveats
  • Supply blocks, unpowered buildings, or Contaminate may cause inaccurate times.
  • Supply counts are checked every 10 seconds.